 Dungeon Crawl Stone Soup version 0.29-a0-1019-g84f7d21838 (webtiles) character file.

Game seed: 12377730876712492557

17980 drugrobin the Cleaver (level 11, -14/142 HPs)
             Began as a Demigod Fighter on Aug 10, 2022.
             Demolished by a reaper
             ... wielding a +1 scythe of venom
              (37 damage)
             ... in a Gauntlet.
             The game lasted 00:43:10 (19856 turns).

drugrobin the Cleaver (Demigod Fighter)            Turns: 19856, Time: 00:43:11

Health: -14/142    AC: 13    Str: 29    XL:     11   Next: 97%
Magic:  18/19      EV: 10    Int: 10    God:
Gold:   265        SH:  4    Dex: 13    Spells: 16/16 levels left

rFire   + . .      SeeInvis .   a - +4 war axe
rCold   . . .      Faith    .   S - +0 buckler
rNeg    . . .      Spirit   .   y - +0 swamp dragon scales
rPois   +          Reflect  .   k - +1 helmet of Julan {Contam rF+ Regen+}
rElec   .          Harm     .   I - +0 cloak
rCorr   .          Rampage  .   (no gloves)
Will    ++...      NoTele   +   g - +1 pair of boots
Stlth   ..........              n - amulet of regeneration
HPRegen 1.93/turn               i - ring of willpower
MPRegen 0.16/turn               (no ring)

@: mighty, berserking (expiring), lethally poisoned (-14 -> -16), very quick
A: high MP 1, forlorn, divine attributes
a: no special abilities


You were in a Gauntlet.
You visited 2 branches of the dungeon, and saw 13 of its levels.
You also visited: Gauntlet.

You collected 672 gold pieces.
You spent 407 gold pieces at shops.

Inventory:

Hand Weapons
 a - a +4 war axe (weapon)
 b - a +3 hand axe of venom
 c - a +0 hand axe of flaming
Missiles
 l - 4 boomerangs (quivered)
 w - 16 poisoned darts
 L - 5 javelins
 U - 4 curare-tipped darts
Armour
 g - a +1 pair of boots (worn)
 k - the +1 helmet of Julan (worn) {Contam rF+ Regen+}
   (You found it in a Gauntlet)

   rF:        It protects you from fire.
   Contam:    It causes magical contamination when unequipped.
   Regen:     It increases your rate of health regeneration.
 y - +0 swamp dragon scales (worn)
 I - a +0 cloak (worn)
 S - a +0 buckler (worn)
Jewellery
 f - a ring of ice
 i - a ring of willpower (left hand)
 n - an amulet of regeneration (around neck)
 J - a ring of ice
 T - a ring of protection from fire
Wands
 e - a wand of paralysis (4)
 P - a wand of iceblast (7)
Scrolls
 j - a scroll of summoning
 m - a scroll of enchant armour
 s - 2 scrolls of vulnerability
 u - a scroll of fear
 v - 2 scrolls of immolation
 A - 7 scrolls of teleportation
 B - 2 scrolls of fog
 C - 2 scrolls of poison
 H - a scroll of silence
 Q - a scroll of blinking
Potions
 d - 4 potions of might
 h - 5 potions of curing
 o - a potion of mutation {unknown}
 p - a potion of invisibility
 q - a potion of haste
 t - a potion of flight
 x - a potion of attraction
 z - a potion of berserk rage
 E - a potion of magic {unknown}
 F - 2 potions of resistance
 G - a potion of experience {unknown}
 K - 3 potions of lignification
 M - 3 potions of heal wounds
 W - a potion of cancellation {unknown}
Miscellaneous
 r - a piece from Xom's chessboard (14/15)


   Skills:
 + Level 8.8 Fighting
 * Level 14.1 Axes
 - Level 2.6 Armour
 - Level 2.6 Shields
 + Level 3.0 Spellcasting
 + Level 8.2 Evocations


You had 16 spell levels left.
You didn't know any spells.
Your spell library contained the following spells:

 Spells                   Type           Power      Damage    Failure   Level
 Magic Dart               Conj           4%         1d3       47%         1
 Necrotise                Necr           4%         1d4       47%         1
 Searing Ray              Conj           2%         2d4       63%         2
 Call Canine Familiar     Summ           1%         N/A       85%         3
 Ignite Poison            Fire/Tmut/Pois 1%         N/A       85%         3
 Mephitic Cloud           Conj/Pois/Air  1%         N/A       85%         3
 Vampiric Draining        Necr           1%         2d6       85%         3
 Animate Armour           Summ/Erth      2%         N/A       99%         4
 Fulminant Prism          Conj/Hex       0%         3d6       99%         4
 Summon Lightning Spire   Summ/Air       1%         N/A       99%         4
 Agony                    Necr           1%         N/A       100%        5
 Freezing Cloud           Conj/Ice/Air   0%         6-21      100%        5


Dungeon Overview and Level Annotations

Branches:
Dungeon (10/15)            Temple (0/1) D:7            Lair (3/5) D:10
 Shoals (0/4) Lair:3        Snake (0/4) Lair:2          Orc (0/2) D:10
Gauntlet (1/1)

Shops:
D:3 !

Annotations:
D:7 2 runed translucent doors, exclusion: 2 doors, Newt's ghost, novice KoHu Gauntlet 7 transporters


Innate Abilities, Weirdness & Mutations

You have an increased reservoir of magic. (+10% MP)
You shall have no god before yourself.
Your divine heritage dramatically boosts your attributes as you level up.


Message History

Unknown command.
Press: ? - help, v - describe, . - travel
Here: a reaper, wielding a +1 scythe of venom (almost dead)
The floor.
Unknown command.
Unknown command.
Unknown command.
You slash the reaper!
The reaper is almost dead.
You slash the hellwing!
You kill the hellwing!
Your Spellcasting skill increases to level 3!
Unknown command.
Unknown command.
Unknown command.
You barely miss the reaper.
The reaper is almost dead.
The reaper hits you with a +1 scythe of venom!!
* * * LOW HITPOINT WARNING * * *
You are poisoned.
Unknown command.
Unknown command.
Unknown command.
Unknown command.
Unknown command.
Unknown command.
Unknown command.
You closely miss the reaper.
The reaper is almost dead.
You feel very sick.
Unknown command.
Unknown command.
Unknown command.
Unknown command.
Unknown command.
You barely miss the reaper.
The reaper is almost dead.
You feel sick.
The reaper hits you with a +1 scythe of venom!!!
You die...

#########################
........§∩≈............≈###
........................#8#
########...###########..###
..©)#.2#...#..?.©[}.^#..#
...#..4#...#......^^.#..###
..^#.^4#...#..^......#..#8#
#.#....#...#.^^......#..###
^###^..#...#.^..@....#..#
.©#.##.#...#^...2....#..###
.#....##...#^..^..^..#..#8#
.#....4#...#.........#..###
#^...4.#...#.........#..#
########.§§###########..###
#.©.#....≈§...#.©.#.....#8#
#...#...≈8§...#...#.8...###
#.©.#....≈....#.©.#.....#


You could see a reaper.

Vanquished Creatures
  Erica (D:9)
  A swamp dragon (Lair:1)
  An ugly thing (D:10)
  A black mamba (Lair:2)
  A torpor snail (Lair:1)
  A cane toad (Lair:2)
  3 kobold demonologists (D:10)
  2 komodo dragons (Lair:2)
  2 hellwings (Gauntlet)
  4 blink frogs (Lair:2)
  2 slime creatures (Gauntlet)
  4 flying skulls (Gauntlet)
  Sigmund (D:3)
  28 yaks
  A wyvern (Lair:1)
  Eustachio (D:6)
  2 basilisks
  2 steam dragons (D:7)
  Grum (D:9)
  3 vampire mosquitoes
  2 nagas
  Edmund (D:4)
  Duvessa (D:4)
  8 water moccasins
  7 orc warriors
  An ice beast (D:8)
  A black bear (Lair:1)
  11 wolves
  3 centaurs
  3 phantoms
  2 kobold brigands
  6 bullfrogs
  4 scorpions
  A gnoll sergeant (D:9)
  3 necrophages
  10 wights
  Dowan (D:4)
  2 howler monkeys
  6 orc priests
  8 hounds
  8 jellies
  A gnoll bouda (D:9)
  Jessica (D:3)
  3 iguanas
  12 orc wizards
  2 adders
  16 gnolls
  3 shadow imps
  2 ufetubi
  A worm (D:2)
  A dart slug (D:4)
  39 orcs
  6 bats
  6 endoplasms
  2 giant cockroaches
  2 hobgoblins
  6 quokkas
  7 ball pythons
  A frilled lizard (D:1)
  7 goblins
  16 kobolds
  8 rats
  A spectral goblin (D:2)
294 creatures vanquished.

Vanquished Creatures (others)
  2 demonic plants (Gauntlet)
  2 fungi (Lair:1)
  3 plants
7 creatures vanquished.

Grand Total: 301 creatures vanquished

Notes
Turn   | Place    | Note
-------+----------+-------------------------------------------
     0 | D:1      | drugrobin the Demigod Fighter began the quest for the Orb.
     0 | D:1      | Reached XP level 1. HP: 18/18 MP: 3/3
    76 | D:1      | Reached skill level 2 in Axes
   283 | D:1      | Reached XP level 2. HP: 25/25 MP: 4/4
   918 | D:1      | Reached skill level 3 in Axes
  1451 | D:2      | Reached XP level 3. HP: 29/30 MP: 5/5
  2141 | D:3      | Found Ymunkunt's Distillery.
  2149 | D:3      | Bought a potion of curing for 33 gold pieces
  2149 | D:3      | Bought a potion of lignification for 33 gold pieces
  2523 | D:2      | Reached skill level 4 in Axes
  2523 | D:2      | Reached XP level 4. HP: 18/37 MP: 6/6
  2969 | D:3      | Noticed Jessica
  2974 | D:3      | Killed Jessica
  2992 | D:3      | Noticed Sigmund
  2996 | D:3      | Killed Sigmund
  2997 | D:3      | Reached skill level 5 in Axes
  2997 | D:3      | Reached XP level 5. HP: 36/42 MP: 7/7
  3702 | D:3      | Bought a potion of attraction for 33 gold pieces
  3839 | D:4      | Reached skill level 6 in Axes
  3839 | D:4      | Reached XP level 6. HP: 29/50 MP: 8/8
  4684 | D:4      | Reached skill level 7 in Axes
  4772 | D:4      | Noticed Dowan
  4972 | D:4      | Killed Dowan
  5088 | D:4      | Noticed Edmund
  5110 | D:4      | Killed Edmund
  5111 | D:4      | Reached XP level 7. HP: 43/56 MP: 9/9
  5594 | D:4      | Noticed Duvessa
  5654 | D:4      | Reached skill level 8 in Axes
  5950 | D:5      | Entered Level 5 of the Dungeon
  6644 | D:5      | Reached skill level 1 in Evocations
  7349 | D:6      | Reached XP level 8. HP: 55/63 MP: 10/10
  7705 | D:6      | Reached skill level 9 in Axes
  7845 | D:6      | Noticed Eustachio
  7850 | D:6      | Killed Eustachio
  8273 | D:4      | Killed Duvessa
  8358 | D:3      | Bought 2 potions of heal wounds for 110 gold pieces
  8358 | D:3      | Bought a potion of might for 44 gold pieces
  8966 | D:7      | Reached skill level 10 in Axes
  9047 | D:7      | Reached XP level 9. HP: 28/72 MP: 11/11
  9312 | D:7      | Found a large runed translucent door.
  9318 | D:7      | Found a large runed translucent door.
  9321 | D:7      | Noticed Newt's ghost (novice KoHu)
  9599 | D:7      | Found a staircase to the Ecumenical Temple.
 10186 | D:8      | Reached skill level 5 in Fighting
 11306 | D:8      | Reached skill level 11 in Axes
 11647 | D:3      | Bought a potion of haste for 110 gold pieces
 11647 | D:3      | Bought a potion of might for 44 gold pieces
 11827 | D:7      | Reached skill level 5 in Evocations
 12869 | D:8      | Reached XP level 10. HP: 49/78 MP: 13/13
 14053 | D:9      | Noticed Grum
 14088 | D:9      | Killed Grum
 14223 | D:9      | Reached skill level 12 in Axes
 14309 | D:9      | Noticed Erica
 15302 | D:9      | Killed Erica
 15680 | D:10     | Entered Level 10 of the Dungeon
 16340 | D:10     | Noticed a soul eater
 16436 | D:10     | Paralysed by a kobold for 3 turns
 16451 | D:10     | Found a staircase to the Lair.
 16518 | D:10     | Noticed a cyan ugly thing
 16531 | D:10     | Killed a cyan ugly thing
 16532 | D:10     | Reached XP level 11. HP: 92/92 MP: 14/14
 16644 | D:10     | Found a staircase to the Orcish Mines.
 17047 | Lair:1   | Entered Level 1 of the Lair of Beasts
 17069 | Lair:1   | Identified the +2 robe of Resourcefulness {Regen+ MP+9
                  | Str+9}
 17211 | Lair:1   | Reached skill level 13 in Axes
 17684 | Lair:1   | Identified the +5 ring mail of Ratuptuc {Dex+3 Stlth+}
 18275 | Lair:2   | Reached skill level 1 in Spellcasting
 18628 | Lair:2   | Found a staircase to the Snake Pit.
 18669 | Lair:2   | Noticed a swamp dragon
 18736 | Lair:1   | Killed a swamp dragon
 19406 | Lair:3   | Found a gate leading to a gauntlet.
 19413 | Gauntlet | Entered a Gauntlet
 19413 | Gauntlet | Noticed a catoblepas
 19413 | Gauntlet | Found a transporter.
 19413 | Gauntlet | Found a transporter.
 19414 | Gauntlet | Found a transporter.
 19414 | Gauntlet | Found a transporter.
 19417 | Gauntlet | Found a transporter.
 19417 | Gauntlet | Found a transporter.
 19423 | Gauntlet | Noticed a necromancer
 19427 | Gauntlet | Found a transporter.
 19431 | Gauntlet | Found a transporter.
 19436 | Gauntlet | Noticed a green death
 19437 | Gauntlet | Noticed a reaper
 19441 | Gauntlet | Found a transporter.
 19541 | Gauntlet | Found a transporter.
 19545 | Gauntlet | Found a transporter.
 19557 | Gauntlet | Found a transporter.
 19692 | Gauntlet | Reached skill level 14 in Axes
 19733 | Gauntlet | Got Qunueg's Atlas of Invitation
 19818 | Gauntlet | Identified the +1 helmet of Julan {Contam rF+ Regen+}
 19856 | Gauntlet | Demolished by a reaper

Illustrated notes

Levels and vault maps discovered:
D:1:      dpeg_arrival_round_a, layout_basic, amcnicky_mini_pool_small
D:2:      layout_loops_corners, basic_altar,
          dreamdust_ecumenical_altar_drowned_temple
D:3:      layout_basic, serial_shops, shop, serial_park_tiny_2, uniq_jessica,
          uniq_sigmund
D:4:      layout_basic, nicolae_gozag_seed_capital,
          chequers_temple_overflow_statue_of_worship,
          nicolae_figureground_pulse, uniq_duvessa, uniq_edmund
D:5:      layout_cave_pods
D:6:      layout_basic, grunt_qazlal_clouds, uniq_eustachio
D:7:      layout_loops_ring, tso_metal_star, temple_fountains,
          ebering_ghost_disaster_area, chequers_serial_rivers_small_b
D:8:      layout_rooms, mainiacjoe_overflow_cross_hatched,
          mainiacjoe_overflow_concentric_impassable
D:9:      layout_small_grid, uniq_grum, uniq_erica
D:10:     layout_small_grid, lair_entry_dummy, minmay_orc_entry_temple_small
Lair:1:   layout_regular_city, small_statue_intersection
Lair:2:   layout_hall_layers, minmay_snake_entry_guardpost_small, ldierk_geyser,
          pond, lemuel_fruit_tree, serial_bayou_shore_b, grunt_megastairs_1
Lair:3:   layout_roguey, minmay_shoals_entry_centaurs, gauntlet_entry_generic,
          nicolae_lair_grove_arrangements
Gauntlet: gammafunk_gauntlet_hard_choice [gammafunk_gauntlet_arena_grid,
          gammafunk_gauntlet_arena_teeth, nicolae_gauntlet_arena_x,
          gammafunk_gauntlet_arena_mazey, nicolae_gauntlet_swirl,
          gammafunk_gauntlet_arena_open, nicolae_gauntlet_exit_dead_adventurers]

Skill      XL: |  1  2  3  4  5  6  7  8  9 10 11 |
---------------+----------------------------------+-----
Axes           | 2 3 4 5 6 7 8 10 11 12 14 | 14.1
Fighting       | 3 4 6 7 8 |  8.8
Evocations     | 1 3 5 6 8 |  8.2
Spellcasting   | 3 |  3.0
Armour         | |  2.6
Shields        | |  2.6

Action                   |  1- 3 |  4- 6 |  7- 9 | 10-12 || total
-------------------------+-------+-------+-------+-------++-------
Melee: War axe           |    86 |   106 |   307 |   300 ||   799
       Unarmed           |       |    13 |       |       ||    13
       Hand axe          |       |       |   142 |   207 ||   349
Throw: Boomerang         |    10 |    22 |    26 |    29 ||    87
       Dart              |       |     6 |    15 |    13 ||    34
Evoke: Wand              |       |       |    15 |     6 ||    21
       Piece from Xom's  |       |       |       |     1 ||     1
  Use: Potion            |     1 |     2 |     3 |     2 ||     8
       Scroll            |       |       |    16 |     5 ||    21
 Stab: Distracted        |       |       |     1 |     1 ||     2
       Paralysed         |       |       |    16 |       ||    16
       Sleeping          |       |       |       |     1 ||     1
Armor: Scale mail        |    41 |    47 |       |       ||    88
       Skin              |       |     9 |       |       ||     9
       Chain mail        |       |       |   108 |       ||   108
       Leather armour    |       |       |    14 |       ||    14
       Plate armour      |       |       |    59 |   121 ||   180
       Ring mail         |       |       |       |    40 ||    40
       Swamp dragon scal |       |       |       |    35 ||    35
       Robe              |       |       |       |     4 ||     4
Dodge: Dodged            |    37 |    40 |   141 |   167 ||   385
Block: Buckler           |    25 |    13 |    72 |    95 ||   205

Table legend: (Time is in decaauts)
 A = Elapsed time spent in this place.
 B = Non-inter-level travel time spent in this place.
 C = Inter-level travel time spent in this place.
 D = Time resting spent in this place.
 E = Time spent auto-exploring this place.
 F = Levels seen in this place.
 G = Mean time per level.
                   A        B        C        D        E       F      G
               +--------+--------+--------+--------+--------+-----+--------+
         Total |  19873 |  18680 |   1193 |   4901 |   9702 |  14 | 1419.5 |
       Dungeon |  17090 |  15995 |   1095 |   4675 |   8251 |  10 | 1709.0 |
          Lair |   2349 |   2251 |     98 |    163 |   1311 |   3 |  783.0 |
      Gauntlet |    433 |    433 |      0 |     63 |    140 |   1 |  433.0 |
               +--------+--------+--------+--------+--------+-----+--------+

Top non-repeatable levels by time:
     D:8: 2938 daAuts
     D:4: 2272 daAuts
     D:9: 1766 daAuts
     D:7: 1715 daAuts
     D:3: 1679 daAuts
     D:6: 1602 daAuts
     D:5: 1417 daAuts
     D:2: 1313 daAuts
     D:1: 1260 daAuts
  Lair:1: 1146 daAuts
    D:10: 1124 daAuts
  Lair:2: 1102 daAuts
Gauntlet: 433 daAuts
  Lair:3: 99 daAuts
